AoeStats
← oioi55669

Black Forest

510083809Analyzed
4v4 RM · 24h ago on Sep 29, 2026· 45m 30s· 8 players
Game mode
Random Map
Map size
Large (8 player)
Population
200
Speed
Normal
Resources
Standard
Victory
Conquest
Starting age
Dark Age
Ending age
Imperial Age
RankedLock teamsTeams togetherTeam positionsShared explorationLock speedFull tech treeHidden civsTurbo modeCheats
Victory
Defeat
🇹🇼 Persians · Taiwan
1193
+16
🇹🇼 Teutons · Taiwan
1156
+17
🇹🇼 Spanish · Taiwan
1098
+20
🇹🇼 Italians · Taiwan
1018
+22
🇨🇳 Romans · China
1221
-21
🇨🇳 Bohemians · China
1219
-20
🇯🇵 Italians · Japan
1143
-17
🇨🇳 Huns · China
1132
-17
ikiro
7:13 Loom
11:38 Feudal Age
12:32 Horse Collar
12:40 Double-Bit Axe
15:20 Castle Age
16:49 Bow Saw
17:24 Wheelbarrow
28:22 Imperial Age
26:51 Padded Archer Armor
27:31 Heavy Plow
27:50 Leather Archer Armor
27:39 Scale Mail Armor
27:49 Forging
28:15 Hand Cart
28:20 Town Watch
29:46 Chemistry
29:07 Ballistics
28:43 Murder Holes
28:59 Masonry
30:22 Two-Man Saw
30:29 Conscription
30:20 Houfnice
31:36 Town Patrol
31:48 Wagenburg Tactics
35:10 Pikeman
36:22 Halberdier
37:02 Squires
36:48 Arson
37:11 Scale Barding Armor
37:23 Chain Mail Armor
37:43 Iron Casting
37:43 Elite Hussite Wagon
好似喵
11:20 Feudal Age
15:14 Castle Age
13:35 Double-Bit Axe
13:46 Horse Collar
18:16 Wheelbarrow
18:30 Bow Saw
18:36 Heavy Plow
22:36 Stone Mining
25:02 Hand Cart
24:42 Gold Mining
29:19 Gold Shaft Mining
31:58 Imperial Age
29:52 Masonry
33:23 Scale Mail Armor
33:34 Forging
33:04 Heavy Scorpion
34:32 Chain Mail Armor
36:48 Iron Casting
37:33 Squires
42:31 Blast Furnace
41:19 Town Watch
42:08 Crop Rotation
44:44 Ballistas
离岛
10:51 Feudal Age
12:19 Loom
16:03 Castle Age
14:09 Double-Bit Axe
14:29 Horse Collar
18:52 Wheelbarrow
19:11 Stone Mining
23:21 Gold Mining
24:13 Caravan
27:16 Hand Cart
31:48 Imperial Age
29:31 Husbandry
29:41 Bloodlines
29:58 Heavy Plow
30:40 Gold Shaft Mining
30:27 Marauders
31:02 Scale Barding Armor
32:36 Chain Barding Armor
32:27 Forging
32:38 Bow Saw
34:08 Plate Barding Armor
33:41 Elite Tarkan
34:39 Pikeman
35:25 Scale Mail Armor
36:01 Iron Casting
35:25 Halberdier
36:25 Chain Mail Armor
jean_sibe
0:58 Loom
12:12 Feudal Age
19:24 Castle Age
18:16 Fletching
19:06 Town Watch
20:16 Bodkin Arrow
25:56 Double-Bit Axe
28:51 Wheelbarrow
28:18 Gold Mining
28:57 Bow Saw
31:52 Silk Road
只會5TC
4:44 Loom
11:25 Feudal Age
15:46 Castle Age
14:12 Double-Bit Axe
16:54 Bow Saw
16:26 Horse Collar
16:37 Gold Mining
17:51 Heavy Plow
23:08 Padded Archer Armor
38:03 Wheelbarrow
37:52 Scale Barding Armor
38:04 Leather Archer Armor
39:55 Stone Mining
41:42 Hand Cart
43:57 Imperial Age
43:57 Elite Conquistador
SBZ
0:30 Loom
10:23 Feudal Age
11:05 Town Watch
26:59 Castle Age
30:07 Double-Bit Axe
30:08 Horse Collar
34:33 Bow Saw
34:31 Gold Mining
35:46 Wheelbarrow
35:17 Heavy Plow
39:27 Imperial Age
38:10 Scale Barding Armor
38:05 Scale Mail Armor
38:16 Forging
40:08 Squires
39:29 Pikeman
40:59 Halberdier
43:22 Fortified Wall
45:59 Chain Barding Armor
45:54 Chain Mail Armor
oioi55669
4:53 Loom
11:17 Feudal Age
14:53 Castle Age
12:36 Horse Collar
12:42 Double-Bit Axe
15:52 Bow Saw
18:06 Wheelbarrow
17:43 Heavy Plow
23:02 Gold Mining
23:02 Stone Mining
25:22 Gold Shaft Mining
26:06 Stone Shaft Mining
28:39 Imperial Age
26:55 Forging
26:50 Scale Barding Armor
28:30 Iron Casting
28:50 Husbandry
29:01 Bloodlines
29:15 Chain Barding Armor
28:40 Cavalier
31:16 Two-Man Saw
31:23 Blast Furnace
30:58 Plate Barding Armor
31:07 Ballistics
30:30 Savar
36:52 Light Cavalry
38:00 Scale Mail Armor
38:39 Citadels
Mors
0:29 Loom
11:55 Feudal Age
16:14 Castle Age
14:02 Double-Bit Axe
14:03 Horse Collar
14:24 Gold Mining
25:30 Imperial Age
23:26 Fletching
24:32 Ballistics
25:06 Bow Saw
27:21 Chemistry
26:37 Thumb Ring
37:15 Husbandry
38:01 Scale Barding Armor
38:54 Bloodlines
39:30 Light Cavalry
40:12 Light Cavalry
43:13 Light Cavalry
44:50 Fortified Wall
Connection lost

Rejoining the realm…

Still unreachable

The connection could not be restored.

Session expired

The server has moved on; the page needs a fresh start.